AoeStats
← Mantis

Arena

509240100Analyzed
4v4 RM · 4d ago on Sep 26, 2026· 65m 16s· 8 players
Game mode
Random Map
Map size
Large (8 player)
Population
200
Speed
Normal
Resources
Standard
Victory
Conquest
Starting age
Dark Age
Ending age
Imperial Age
RankedLock teamsTeams togetherTeam positionsShared explorationLock speedFull tech treeHidden civsTurbo modeCheats
Victory
Defeat
🇨🇴 Tupi · Colombia
1211
+17
1207
+17
🇺🇸 Khmer · United States
1197
+18
🇺🇸 Saxons · United States
1188
+18
🇺🇸 Vietnamese · United States
1260
-18
🇨🇱 Britons · Chile
1242
-18
🇨🇱 Gurjaras · Chile
1237
-18
🇨🇦 Varangians · Canada
1192
-16
Mantis
7:14 Loom
11:29 Feudal Age
14:51 Castle Age
13:16 Double-Bit Axe
16:34 Bow Saw
20:06 Horse Collar
25:31 Wheelbarrow
27:14 Stone Mining
27:15 Gold Mining
28:57 Heavy Plow
30:12 Gold Shaft Mining
29:42 Squires
29:27 Gambesons
29:28 Arson
29:46 Scale Mail Armor
29:56 Forging
29:47 Man-at-Arms
29:49 Pikeman
30:54 Chain Mail Armor
30:29 Fletching
30:33 Long Swordsman
32:18 Hand Cart
32:45 Iron Casting
36:08 Imperial Age
35:08 Ballistics
35:00 Masonry
34:32 Treadmill Crane
36:12 Two-Handed Swordsman
36:22 Shield Wall
37:23 Conscription
37:48 Plate Mail Armor
37:15 Bodkin Arrow
39:06 Two-Man Saw
37:35 Champion
40:38 Crop Rotation
40:22 Halberdier
40:59 Elite Varangian Guard
46:33 Hoardings
48:14 Elite Hearth Troop
50:07 Chemistry
49:38 Architecture
49:14 Siege Engineers
50:49 Bracer
61:45 Caravan
61:13 Onager
64:07 Guard Tower
InXision
10:19 Feudal Age
13:40 Castle Age
25:00 Double-Bit Axe
25:50 Fletching
26:01 Padded Archer Armor
32:08 Imperial Age
31:08 Bow Saw
31:39 Horse Collar
32:16 Bloodlines
31:27 Light Cavalry
40:00 Ballistics
44:01 Hussar
46:17 Loom
49:18 Wheelbarrow
51:03 Scale Barding Armor
54:23 Capped Ram
54:38 Elite Ballista Elephant
55:21 Siege Ram
60:20 Caravan
65:54 Hand Cart
𒉭BEHELIT𒉭
8:50 Feudal Age
9:34 Double-Bit Axe
17:32 Castle Age
16:04 Stone Mining
16:01 Horse Collar
19:47 Bow Saw
20:15 Wheelbarrow
20:22 Loom
23:03 Fletching
23:19 Crossbowman
24:23 Heavy Plow
25:40 Gold Mining
25:58 Bodkin Arrow
26:04 Padded Archer Armor
27:47 Leather Archer Armor
28:32 Hand Cart
30:35 Gold Shaft Mining
32:56 Imperial Age
31:27 Heated Shot
32:00 Ballistics
31:20 Treadmill Crane
34:15 Ring Archer Armor
33:45 Bracer
34:47 Chemistry
34:51 Two-Man Saw
33:29 Elite Blackwood Archer
34:16 Curare
34:32 Conscription
34:47 Forging
34:38 Scale Mail Armor
34:41 Squires
34:27 Arson
36:49 Chain Mail Armor
37:10 Iron Casting
37:04 Arbalester
39:06 Champi Runner
39:54 Champi Warrior
42:07 Plate Mail Armor
41:45 Caciques
41:07 Elite Champi Warrior
42:12 Caravan
44:07 Murder Holes
48:16 Town Watch
48:26 Pikeman
63:13 Hoardings
64:36 Halberdier
传奇耐电王汤恩伯
10:52 Feudal Age
13:16 Double-Bit Axe
15:48 Castle Age
14:47 Arson
14:54 Arson
15:13 Scale Mail Armor
17:08 Squires
19:04 Chain Mail Armor
24:56 Horse Collar
29:07 Imperial Age
30:52 Loom
32:09 Bow Saw
33:52 Heavy Plow
38:26 Conscription
38:08 Elite Varangian Guard
38:27 Hamask
38:58 Elite Jomsviking
41:02 Plate Mail Armor
42:07 Wheelbarrow
42:20 Forging
42:49 Ballistics
43:30 Chemistry
44:33 Hand Cart
44:17 Gold Mining
46:16 Town Watch
46:40 Siege Engineers
46:28 Capped Ram
48:21 Gold Shaft Mining
49:04 Siege Ram
49:45 Man-at-Arms
50:15 Gambesons
51:14 Iron Casting
50:49 Long Swordsman
53:42 Blast Furnace
52:49 Caravan
52:29 Pikeman
52:30 Two-Handed Swordsman
52:43 Northmen's Fury
53:50 Masonry
53:04 Halberdier
54:15 Champion
trashypanda
11:03 Feudal Age
9:20 Loom
14:39 Castle Age
12:45 Double-Bit Axe
13:19 Horse Collar
19:37 Loom
20:29 Wheelbarrow
21:50 Bow Saw
22:25 Forging
24:48 Hand Cart
26:23 Heavy Plow
32:28 Imperial Age
31:15 Scale Barding Armor
31:45 Iron Casting
31:13 Scale Mail Armor
31:52 Squires
31:42 Gambesons
32:39 Chain Barding Armor
34:07 Conscription
33:32 Elite Jarl
35:35 Two-Man Saw
35:23 Crop Rotation
34:27 Elite Varangian Guard
35:22 Gothikon
36:31 Bloodlines
36:21 Husbandry
39:13 Plate Barding Armor
39:38 Blast Furnace
38:54 Chain Mail Armor
42:09 Gold Mining
43:00 Plate Mail Armor
46:57 Fletching
51:04 Caravan
53:27 Bodkin Arrow
54:00 Murder Holes
54:20 Fortified Wall
54:21 Masonry
54:38 Ballistics
57:35 Chemistry
62:03 Heavy Scorpion
Rokototo
9:03 Feudal Age
10:40 Wheelbarrow
12:41 Horse Collar
15:12 Castle Age
13:17 Double-Bit Axe
17:04 Bow Saw
17:02 Town Watch
21:25 Loom
24:11 Heavy Plow
29:30 Imperial Age
28:10 Hand Cart
28:12 Scale Barding Armor
28:17 Forging
28:03 Treadmill Crane
29:35 Chain Barding Armor
29:30 Masonry
29:53 Bloodlines
29:59 Husbandry
31:01 Iron Casting
30:28 Elite Shrivamsha Rider
32:05 Plate Barding Armor
32:12 Conscription
31:25 Heavy Camel Rider
31:47 Light Cavalry
33:33 Frontier Guards
35:08 Crop Rotation
36:06 Hoardings
36:05 Hussar
36:42 Fletching
40:08 Devotion
40:37 Kshatriyas
42:33 Coinage
46:31 Chemistry
45:54 Ballistics
46:23 Bodkin Arrow
46:45 Murder Holes
50:39 Padded Archer Armor
52:25 Leather Archer Armor
53:06 Architecture
56:35 Banking
56:15 Caravan
Felipe !
9:40 Feudal Age
13:51 Castle Age
12:05 Double-Bit Axe
12:42 Horse Collar
16:25 Loom
20:33 Wheelbarrow
19:51 Town Watch
28:02 Fletching
29:33 Hand Cart
34:43 Imperial Age
33:05 Bodkin Arrow
38:23 Crossbowman
39:58 Bracer
41:25 Conscription
42:55 Capped Ram
44:58 Ballistics
45:38 Chemistry
48:04 Scale Barding Armor
48:10 Forging
48:22 Siege Engineers
48:27 Masonry
48:13 Light Cavalry
48:54 Husbandry
49:43 Chain Barding Armor
49:03 Onager
56:08 Caravan
60:47 Padded Archer Armor
62:45 Bow Saw
Trailmaker
10:33 Feudal Age
11:29 Loom
12:44 Double-Bit Axe
15:09 Castle Age
13:26 Horse Collar
14:05 Stone Mining
15:37 Gold Mining
16:03 Bow Saw
16:32 Heavy Plow
18:19 Wheelbarrow
22:50 Fletching
28:03 Stone Shaft Mining
28:46 Ballistics
28:30 Padded Archer Armor
30:49 Bodkin Arrow
31:10 Leather Archer Armor
31:52 Hand Cart
31:23 Town Watch
33:07 Fortified Wall
32:53 Murder Holes
35:13 Treadmill Crane
35:44 Masonry
36:18 Thumb Ring
38:07 Elite Skirmisher
43:57 Imperial Age
45:32 Bracer
46:11 Imperial Skirmisher
55:26 Two-Man Saw
56:50 Chemistry
57:03 Paper Money
57:21 Hoardings
62:23 Guilds
62:15 Sappers
Connection lost

Rejoining the realm…

Still unreachable

The connection could not be restored.

Session expired

The server has moved on; the page needs a fresh start.